 Dungeon Crawl Stone Soup version 0.17-a0-670-g5d95ebd (console) character file.

70070 hyperkellhus the Severer (level 15, -7/139 HPs)
             Began as a Hill Orc Necromancer on Apr 17, 2015.
             Was the Champion of Kikubaaqudgha.
             Hit by a large rock thrown by a cyclops (31 damage)
             ... on level 14 of the Dungeon on Apr 18, 2015.
             The game lasted 01:30:45 (39027 turns).

hyperkellhus the Severer (Hill Orc Necromancer)    Turns: 39027, Time: 01:30:45

Health: -7/139     AC: 15    Str: 18    XL:     15   Next: 32%
Magic:  7/33       EV: 12    Int: 20    God:    Kikubaaqudgha [******]
Gold:   1906       SH:  0    Dex: 11    Spells: 4 memorised, 14 levels left

rFire  + . .     SeeInvis .     a - +3 battleaxe
rCold  + + .     Clarity  .     V - +3 ring mail {rC+}
rNeg   . . .     SustAb   .     (no shield)
rPois  +         Gourm    .     z - +0 helmet
rElec  +         Spirit   .     F - +0 cloak
rCorr  +         Warding  .     D - +0 pair of gloves
rMut   .         Stasis   .     s - +1 pair of boots
MR     ++...                    r - amulet of rage
Stlth  +.........               p - ring of protection from magic
                                g - ring of magical power

@: mighty, resistant, very slightly contaminated, hasted, very quick, very
resistant to hostile enchantments, very unstealthy
A: no striking features
a: Receive Corpses, Torment, Renounce Religion, Evoke Berserk Rage


You were on level 14 of the Dungeon.
You worshipped Kikubaaqudgha.
Kikubaaqudgha was exalted by your worship.
You were not hungry.

You visited 2 branches of the dungeon, and saw 20 of its levels.
You also visited: Ice Cave.

You collected 1906 gold pieces.

Inventory:

Hand weapons
 a - a +3 battleaxe (weapon)
 b - a +0 blowgun
 u - the cursed +1 hand axe "Matsu" {freeze, rF- Dex+5 SInv, unknown}
   (You found it on level 14 of the Dungeon)

   It has been specially enchanted to freeze those struck by it, causing extra
   injury to most foes and up to half again as much damage against particularly
   susceptible opponents.
   It can also slow down cold-blooded creatures.
   It affects your dexterity (+5).
   It makes you vulnerable to fire.
   It enhances your eyesight.
   It has a curse placed upon it.
Missiles
 v - 5 curare-tipped needles
 N - 3 throwing nets (quivered)
 Q - 91 poisoned needles
Armour
 s - a +1 pair of boots (worn)
 z - a +0 helmet (worn)
 D - a +0 pair of gloves (worn)
 F - a +0 cloak (worn)
 V - a +3 ring mail of cold resistance (worn)
Jewellery
 e - an uncursed ring of flight
 g - a ring of magical power (left hand)
 p - a ring of protection from magic (right hand)
 q - an uncursed ring of teleport control
 r - an amulet of rage (around neck)
 M - an uncursed amulet of resist mutation
 O - an uncursed ring of poison resistance
 T - an uncursed ring of fire
 U - an uncursed ring of ice
 W - an uncursed ring of positive energy
 Z - an uncursed ring of see invisible
Magical devices
 f - a wand of flame (9)
 h - a wand of digging (5)
 j - a wand of teleportation (2)
 A - a wand of fire (7)
 S - a wand of hasting (3)
 X - a wand of hasting (8)
 Y - a wand of digging (15)
Scrolls
 d - a scroll of fog
 i - a scroll of magic mapping
 o - 5 scrolls of identify
 y - 4 scrolls of teleportation
 J - 2 scrolls of recharging
Potions
 l - 2 potions of might
 m - a potion of agility
 n - 6 potions of curing
 x - a potion of flight
 B - 3 potions of brilliance
 C - a potion of cancellation
 H - 2 potions of invisibility
 I - 3 potions of restore abilities
 L - 3 potions of heal wounds
 R - a potion of haste
Books
 G - a book of the Warp

   Spells                             Type                      Level
   a - Recall                         Summoning/Translocation      3
   b - Gell's Gravitas                Hexes/Translocation          3
   c - Control Teleport               Charms/Translocation         4
   d - Force Lance                    Conjuration/Translocation    4
   e - Phase Shift                    Translocation                5
   f - Warp Weapon                    Charms/Translocation         5
   g - Summon Forest                  Summoning/Translocation      5
Comestibles
 c - 7 bread rations
 k - 43 fruits
 t - 7 royal jellies
 w - 7 meat rations
 E - 3 beef jerkies


   Skills:
 + Level 14.8 Fighting
 - Level 20.1 Axes
 - Level 5.0 Armour
 - Level 5.0 Dodging
 - Level 1.5 Stealth
 - Level 6.0 Spellcasting
 - Level 13.0 Necromancy


You had 14 spell levels left.
You knew the following spells:

 Your Spells              Type           Power        Failure   Level  Hunger
a - Pain                  Necr           ####         1%          1    None
b - Vampiric Draining     Necr           ######....   1%          3    ##.....
e - Regeneration          Chrm/Necr      ####......   3%          3    ##.....
u - Dispel Undead         Necr           ######..     1%          5    #####..


Dungeon Overview and Level Annotations

Branches:
Dungeon (14/15)            Temple (0/1) D:4            Lair (6/8) D:9
 Shoals (0/5) Lair:6        Snake (0/5) Lair:5       Spider (0/5) Lair:6
    Orc (0/4) D:11
  Slime: Lair:6-8    Vaults: D:13-14

Altars:
Ashenzari
Dithmenos
Elyvilon
Fedhas
Kikubaaqudgha
Nemelex Xobeh
Okawaru
Qazlal
Sif Muna
Trog
Vehumet
Xom
The Shining One

Shops:
D:9 }   D:14 [

Annotations:
D:4 hhkb's ghost, average TeAE
D:8 exclusion: oklob sapling
D:14 Azrael
Lair:3 Rupert


Message History

The hell hound barks!
The hell hound breathes flames at you. The blast of flame misses you.
Drink which item? (? for menu, Esc to quit)
You feel yourself speed up.
You feel a little less agile now. The hell hound breathes flames at you.
The blast of flame misses you.
You are very lightly contaminated with residual magic.
You open the door. The hell hound bites you.
* * * LOW HITPOINT WARNING * * *
There is an open door here.
A cyclops comes into view.
The cyclops shouts!
The cyclops throws a large rock.
The large rock barely misses you.
You see here a large rock.
Unknown command.
The cyclops throws a large rock.
The large rock hits you!!
You die...
Kikubaaqudgha rasps: "You have failed me!
Welcome... death!"

#..............#§...*,,#...#
#...
.....†...........C..**,#...#
#...
...............E..#***,#...#
#...
.....########.###.#,,,,*,..#
#...
...††'..§§..#.....#,**,*,,,*
#...
..^..##§####......#∩**,*,,,*
#...
......#§#***#.....+,**,+,,,*
#.##
..#...#R#*,,#.....#,**,*,,,*
#...
......#§##,,#.h.@.#,****,,,*
#...
.#####.E.#,,#.##..#,+,,,,,,*
#... .*
#..§#,,#.###.#,*,*,,,,* #...
,* #.#§#+##.....#**,,,,,,*
#... ,* #...§E§E.....#
******** #... ,*
#....##......# #... ,*
#............# #... ,*
#.#.####.....# #.## ,* #...#
####### #.##


You could see a cyclops and a hell hound.

Vanquished Creatures
  Kirke (D:13)
  Snorg (Lair:5)
  Harold (Lair:3)
  A hydra (Lair:4)
  2 ice dragons (IceCv)
  9 death yaks (Lair:5)
  Urug (Lair:2)
  The ghost of trelanon the Grappler, a powerful VSIE of Cheibriados (IceCv)
  Nergalle (Lair:3)
  5 skeletal warriors
  2 unseen horrors
  2 ice statues (IceCv)
  A hill giant (D:11)
  A manticore (Lair:6)
  9 ugly things
  3 griffons (Lair:6)
  3 black mambas
  An elephant (shapeshifter) (D:8)
  4 elephants (Lair:6)
  A guardian serpent (Lair:5)
  A gargoyle (D:13)
  13 spiny frogs
  A torpor snail (Lair:5)
  A kobold demonologist (D:13)
  A queen bee (D:8)
  8 komodo dragons
  A fire drake (Lair:6)
  3 trolls
  2 two-headed ogres
  A polar bear (Lair:2)
  9 slime creatures
  10 blink frogs
  6 hogs (D:13)
  A fire elemental (D:14)
  5 wyverns
  2 wraiths
  4 deep elf magi
  14 hippogriffs
  Eustachio (D:6)
  2 hungry ghosts
  16 wolves
  2 steam dragons
  2 basilisks
  Menkaure (D:6)
  50 yaks
  12 porcupines
  23 water moccasins
  A wandering mushroom (D:11)
  2 hell hounds (D:14)
  3 sky beasts
  4 ogres
  8 orc warriors
  2 black bears
  A spider (D:8)
  39 ice beasts
  A wasp (shapeshifter) (D:13)
  8 centaurs
  A necrophage (D:7)
  A phantom (D:7)
  2 boring beetles
  4 big kobolds
  15 crocodiles
  A gnoll sergeant (D:9)
  23 giant frogs
  9 scorpions
  12 wights
  31 killer bees
  5 crimson imps
  9 hounds
  3 centaur zombies
  3 giant frog skeletons
  5 jellies
  A giant frog zombie (D:12)
  19 orc wizards
  Crazy Yiuf (D:3)
  2 centaur skeletons
  14 iguanas
  Jessica (D:3)
  9 orc priests
  7 worker ants
  An iron imp (D:13)
  13 sheep
  2 killer bee zombies (D:9)
  A sky beast zombie (D:10)
  3 worker ant zombies
  Robin (D:3)
  21 adders
  14 gnolls
  61 river rats
  4 shadow imps
  An ooze (D:4)
  An adder zombie (D:7)
  6 worms
  2 adder skeletons
  84 orcs
  A bat zombie (D:6)
  9 giant cockroaches
  12 goblins
  16 hobgoblins
  18 jackals
  25 kobolds
  2 quokkas
  11 ball pythons
  11 bats
  5 giant geckos
  5 giant newts
  2 giant spores
  10 rats
  A spectral orc (Lair:3)
  4 ballistomycetes
  3 fungi (Lair:5)
839 creatures vanquished.

Vanquished Creatures (collateral kills)
  An orc (D:12)
1 creature vanquished.

Vanquished Creatures (others)
  An ogre (D:10)
  3 fungi
4 creatures vanquished.

Grand Total: 844 creatures vanquished

Notes
Turn   | Place    | Note
--------------------------------------------------------------
     0 | D:1      | hyperkellhus, the Hill Orc Necromancer, began the quest for the Orb.
     0 | D:1      | Reached XP level 1. HP: 14/14 MP: 3/3
     0 | D:1      | Upgraded the game from 0.17-a0-649-g87edefa to 0.17-a0-670-g5d95ebd
   285 | D:1      | Reached XP level 2. HP: 8/20 MP: 1/4
  1465 | D:2      | Reached skill level 5 in Necromancy
  1465 | D:2      | Reached XP level 3. HP: 16/26 MP: 5/5
  1669 | D:2      | Learned a level 3 spell: Vampiric Draining
  1909 | D:2      | Reached XP level 4. HP: 30/33 MP: 6/6
  2656 | D:2      | Reached skill level 6 in Necromancy
  2732 | D:3      | Noticed Jessica
  2734 | D:3      | Killed Jessica
  2734 | D:3      | Reached XP level 5. HP: 29/38 MP: 7/7
  2858 | D:3      | Noticed Robin
  2864 | D:3      | Killed Robin
  3282 | D:3      | Found an ancient bone altar of Kikubaaqudgha.
  3301 | D:3      | Became a worshipper of Kikubaaqudgha
  3346 | D:3      | Noticed Crazy Yiuf
  3352 | D:3      | Killed Crazy Yiuf
  3589 | D:3      | Reached skill level 7 in Necromancy
  3589 | D:3      | Reached XP level 6. HP: 35/45 MP: 8/8
  4155 | D:3      | Found a shadowy altar of Dithmenos.
  4311 | D:4      | Found a white marble altar of Elyvilon.
  4359 | D:4      | Acquired Kikubaaqudgha's first power
  4359 | D:4      | Received a gift from Kikubaaqudgha
  4360 | D:4      | Identified Kikubaaqudgha's Volume of Dark Arts (Kikubaaqudgha gifted it to you on level 4 of the Dungeon)
  4485 | D:4      | Reached XP level 7. HP: 32/50 MP: 12/12
  4906 | D:4      | Found a staircase to the Ecumenical Temple.
  5040 | D:4      | Noticed hhkb's ghost (average TeAE)
  5615 | D:5      | Entered Level 5 of the Dungeon
  5858 | D:5      | Reached skill level 5 in Axes
  5858 | D:5      | Reached XP level 8. HP: 34/57 MP: 9/14
  5860 | D:5      | Found a bloodstained altar of Trog.
  5984 | D:5      | Acquired Kikubaaqudgha's second power
  6840 | D:5      | Reached skill level 8 in Axes
  7079 | D:6      | Reached skill level 9 in Axes
  7403 | D:6      | Noticed Menkaure
  7406 | D:6      | Killed Menkaure
  7575 | D:6      | Reached skill level 10 in Axes
  7692 | D:6      | Reached skill level 1 in Fighting
  7692 | D:6      | Reached XP level 9. HP: 59/66 MP: 15/15
  7731 | D:6      | Found a deep blue altar of Sif Muna.
  7875 | D:6      | Noticed Eustachio
  7897 | D:6      | Killed Eustachio
  8055 | D:6      | Reached skill level 5 in Fighting
  8357 | D:7      | Found a glowing golden altar of the Shining One.
  8410 | D:7      | Reached skill level 11 in Axes
  8737 | D:7      | Received a gift from Kikubaaqudgha
  8740 | D:7      | Identified Kikubaaqudgha's Grimoire of Dark Secrets (Kikubaaqudgha gifted it to you on level 7 of the Dungeon)
  8747 | D:7      | Learned a level 5 spell: Dispel Undead
  9373 | D:7      | Reached skill level 12 in Axes
  9902 | D:8      | Found a blossoming altar of Fedhas.
 10201 | D:8      | Reached skill level 13 in Axes
 10201 | D:8      | Reached XP level 10. HP: 37/81 MP: 10/16
 10605 | D:8      | Reached skill level 14 in Axes
 10909 | D:8      | Noticed a fire crab
 10919 | D:8      | Noticed an octopode
 11040 | D:8      | Noticed an elephant
 11040 | D:8      | an octopode changed into an elephant
 11053 | D:8      | Killed an elephant
 11226 | D:8      | Identified Ulos Qiuv's Tome of Dusty Shape Shifting
 11821 | D:8      | Reached skill level 15 in Axes
 12044 | D:9      | Acquired Kikubaaqudgha's third power
 12092 | D:9      | Found a staircase to the Lair.
 12521 | D:9      | Reached skill level 16 in Axes
 12905 | D:9      | Reached XP level 11. HP: 47/86 MP: 6/17
 13675 | D:9      | Acquired Kikubaaqudgha's fourth power
 14311 | D:9      | Found a sparkling altar of Nemelex Xobeh.
 14312 | D:9      | Found a shimmering altar of Xom.
 14314 | D:9      | Found an iron altar of Okawaru.
 14317 | D:9      | Found a stormy altar of Qazlal.
 14322 | D:9      | Found a radiant altar of Vehumet.
 14323 | D:9      | Found a shattered altar of Ashenzari.
 14382 | D:9      | Found Nisodagga's Gadget Boutique.
 14661 | D:9      | Learned a level 3 spell: Regeneration
 14725 | Lair:1   | Entered Level 1 of the Lair of Beasts
 14876 | Lair:1   | Found a frozen archway.
 15022 | IceCv    | Entered an ice cave
 15043 | IceCv    | Reached skill level 5 in Dodging
 15281 | IceCv    | Noticed an ice statue
 15281 | IceCv    | Noticed an ice statue
 16009 | IceCv    | Killed an ice statue
 16215 | IceCv    | Killed an ice statue
 16518 | IceCv    | Noticed trelanon's ghost (powerful VSIE)
 16544 | IceCv    | Killed trelanon's ghost
 16597 | IceCv    | Noticed an ice dragon
 16606 | IceCv    | Noticed an ice dragon
 16618 | IceCv    | Killed an ice dragon
 16618 | IceCv    | Reached skill level 10 in Necromancy
 16630 | IceCv    | Killed an ice dragon
 16630 | IceCv    | Reached XP level 12. HP: 39/101 MP: 0/18
 18522 | Lair:1   | Reached skill level 5 in Spellcasting
 19293 | Lair:2   | Noticed Urug
 19316 | Lair:2   | Killed Urug
 19510 | Lair:2   | Reached skill level 1 in Armour
 20525 | Lair:2   | Reached skill level 5 in Armour
 21085 | Lair:2   | Reached skill level 10 in Fighting
 22274 | Lair:3   | Reached XP level 13. HP: 42/113 MP: 20/20
 22836 | Lair:3   | Reached skill level 17 in Axes
 22908 | Lair:3   | Noticed Harold
 23264 | Lair:3   | Noticed Nergalle
 23363 | Lair:3   | Killed Harold
 23537 | Lair:3   | Killed Nergalle
 23655 | Lair:3   | Reached skill level 18 in Axes
 23859 | Lair:3   | Noticed Rupert
 26257 | Lair:5   | Found a staircase to the Snake Pit.
 27934 | Lair:5   | Noticed Snorg
 28901 | Lair:6   | Reached XP level 14. HP: 129/129 MP: 23/23
 28902 | Lair:6   | Found a staircase to the Shoals.
 31059 | Lair:5   | Killed Snorg
 31418 | Lair:6   | Found a hole to the Spider Nest.
 32694 | D:10     | Entered Level 10 of the Dungeon
 32698 | D:10     | Found a deep blue altar of Sif Muna.
 34447 | D:11     | Found a staircase to the Orcish Mines.
 34660 | D:11     | Noticed a wandering mushroom
 34674 | D:11     | Killed a wandering mushroom
 36926 | D:13     | Reached skill level 19 in Axes
 37026 | D:13     | Noticed Kirke
 37052 | D:13     | Noticed a sphinx
 37272 | D:13     | Reached XP level 15. HP: 78/138 MP: 24/24
 37659 | D:13     | Found a sparkling altar of Nemelex Xobeh.
 37685 | D:13     | Paralysed by a wasp for 2 turns
 38249 | D:13     | Found Duratin's Book Shoppe.
 38660 | D:13     | Killed Kirke
 38660 | D:13     | Reached skill level 20 in Axes
 38872 | D:14     | Got a transparent hand axe
 38912 | D:14     | Found Funigoar's Antique Armour Shoppe.
 38981 | D:14     | Noticed Azrael
 38987 | D:14     | HP: 5/139 [hell hound/blast of flame[Azrael] (9)]
 39027 | D:14     | Hit by a large rock thrown by a cyclops

Action                   |  1- 3 |  4- 6 |  7- 9 | 10-12 | 13-15 || total
-------------------------+-------+-------+-------+-------+-------++-------
Melee: Club              |     7 |       |       |       |       ||     7
       Trident           |       |    12 |     6 |       |       ||    18
       War axe           |       |       |    87 |       |       ||    87
       Broad axe         |       |       |   102 |   882 |  1038 ||  2022
       Battleaxe         |       |       |       |       |   468 ||   468
 Fire: Blowgun           |       |       |     8 |     2 |    19 ||    29
 Cast: Pain              |    58 |   134 |   205 |   139 |       ||   536
       Vampiric Draining |       |     9 |    25 |   126 |   107 ||   267
       Dispel Undead     |       |       |     1 |     2 |    11 ||    14
       Regeneration      |       |       |       |    28 |    38 ||    66
Evoke: Wand              |       |       |     3 |     2 |     6 ||    11
  Use: Scroll            |       |       |    17 |     8 |    18 ||    43
       Potion            |       |       |       |     4 |    10 ||    14
 Stab: Sleeping          |       |       |     2 |     1 |     1 ||     4
       Distracted        |       |       |       |       |     1 ||     1
  Eat: Chunk             |     5 |    11 |    15 |    35 |    59 ||   125
       Beef jerky        |       |       |     1 |     1 |     1 ||     3
       Bread ration      |       |       |     1 |     1 |       ||     2
       Fruit             |       |       |       |     1 |     6 ||     7
       Meat ration       |       |       |       |     1 |       ||     1
       Royal jelly       |       |       |       |     2 |       ||     2
       Pizza             |       |       |       |       |     2 ||     2
